 Dungeon Crawl Stone Soup version bcrawl-1.41.1 (webtiles) character file.

Game seed: 4982959237386690120

190142 yrara the Cudgeler (level 5, -1/42 HPs)
             Began as a Demonspawn Fighter on Apr 17, 2024.
             Killed from afar by an orc wizard (7 damage)
             ... with a magic dart
             ... on level 3 of the Dungeon.
             The game lasted 00:01:57 (2137 turns).

yrara the Cudgeler (Demonspawn Fighter)             Turns: 2137, Time: 00:01:58

Health: -1/42      AC: 11    Str: 17    XL:     5   Next: 65%
Magic:  6/6        EV:  5    Int:  9    God:
Gold:   71         SH:  0    Dex: 13    Spells: 4/4 levels left

rFire    x . .     GDR:     28% o - +0 mace (crush)
rCold    . . .     SeeInvis .   (no shield)
rNeg     + . .     Gourm    .   k - +0 plate armour
rPois    .         Faith    .   (helmet restricted)
rElec    +         Spirit   .   (no cloak)
rCorr    .         Reflect  .   (no gloves)
MR       .....                  (no boots)
Stlth    ..........             f - amulet of rage
HPRegen  0.17/turn              j - ring "Ithrag" {rElec rF- rN+ Stlth--} (curse)
MPRegen  0.10/turn              (no ring)

@: lethally poisoned (-1 -> -3)
A: horns 1, demonic guardian 1, powered by death 1
a: Evoke Berserk Rage


You were on level 3 of the Dungeon.
You were not hungry.

You visited 1 branch of the dungeon, and saw 3 of its levels.

You collected 71 gold pieces.

Inventory:

Hand Weapons
 a - a +0 flail
 o - a +0 mace of crushing (weapon)
Missiles
 l - 155 arrows
Armour
 c - a +0 medium shield
 k - a +0 plate armour (worn)
Jewellery
 f - an amulet of rage (around neck)
 j - the cursed ring "Ithrag" (left hand) {rElec rF- rN+ Stlth--}
   (You found it on level 3 of the Dungeon)

   [ring of attention]

   It makes you vulnerable to fire.
   It insulates you from electricity.
   It protects you from negative energy.
   It makes you much less stealthy.
   It has a curse placed upon it.
Wands
 b - a wand of iceblast (8)
 r - a wand of paralysis (9)
Scrolls
 i - 4 scrolls of identify
 q - a scroll of teleportation
 s - a scroll of fear
Potions
 d - a potion of might
 g - 3 potions of heal wounds
 h - 2 potions of mutation
 m - a potion of curing
 p - a potion of flight {unknown}
 t - a potion of resistance {unknown}
Comestibles
 e - 6 rations {!d}
 n - 10 chunks of flesh


   Skills:
 + Level 3.7 Fighting
 * Level 4.1 Maces & Flails
 + Level 3.8 Armour
 + Level 0.4 Dodging
 - Level 2.6 Shields


You had 4 spell levels left.
You didn't know any spells.
Your spell library was empty.

Dungeon Overview and Level Annotations

Branches:
Dungeon (3/12)

Altars:
Yredelemnul

Annotations:
D:3 2 transporters


Innate Abilities, Weirdness & Mutations

You have a pair of small horns on your head.
A weak demonic guardian rushes to your aid.
You regenerate a little health from kills.


Message History

The puff of frost hits you!
* * * LOW HITPOINT WARNING * * *
You swap places.
Your shadow imp hits the adder.
You feel sick.
The bullfrog gives a loud, deep croak!
The adder closely misses your shadow imp.
The adder bites your shadow imp.
Your shadow imp misses the adder.
You feel sick. Something hits your shadow imp. The adder bites your shadow imp.
Your shadow imp barely misses the adder.
You feel sick. The adder bites your shadow imp.
Your shadow imp misses the adder.
The adder bites your shadow imp.
Your shadow imp is poisoned.
The adder poisons your shadow imp!
Your shadow imp hits the adder.
You feel sick. The adder bites your shadow imp.
Your shadow imp dies!
A magic dart appears from out of thin air!
The magic dart hits you!
You die...

........##.....#####.# #.#.##.##
##)#######....## #.####.#......
#.# #....# #......####.##
##)#######....###########........
...)).........................<.>
##.######################...##...
##.######........................
...........###...########...##...
...........# #..@# #.....#...
...........# #...# #.....#...
...........# #...# #.....###.
...........# #...# #.....###.
...........# #...# #.........
...........# #...# ##.........
...........# #...######..........
........^))###S{.##.....©........
........o...........#########....


You could see an adder.

Vanquished Creatures
  2 orc wizards (D:3)
  Jessica (D:3)
  3 adders (D:3)
  An ooze (D:1)
  4 worms (D:2)
  A dart slug (D:1)
  3 leopard geckos
  7 orcs (D:3)
  9 bats
  8 goblins
  9 hobgoblins
  10 kobolds
  3 quokkas
  4 frilled lizards
  4 rats
69 creatures vanquished.

Vanquished Creatures (collateral kills)
  An adder (D:3)
  2 orcs (D:3)
  A kobold (D:3)
4 creatures vanquished.

Grand Total: 73 creatures vanquished

Notes
Turn   | Place    | Note
-------+----------+-------------------------------------------
     0 | D:1      | yrara the Demonspawn Fighter began the quest for the Orb.
     0 | D:1      | Reached XP level 1. HP: 18/18 MP: 2/2
   126 | D:1      | Gained mutation: You have a pair of small horns on your
                  | head. [demonic ancestry]
   126 | D:1      | Reached XP level 2. HP: 18/24 MP: 3/3
   144 | D:1      | Reached skill level 2 in Maces & Flails
   513 | D:1      | Gained mutation: A weak demonic guardian rushes to your
                  | aid. [demonic ancestry]
   513 | D:1      | Reached XP level 3. HP: 29/29 MP: 4/4
  1087 | D:2      | Reached skill level 3 in Maces & Flails
  1429 | D:2      | Reached XP level 4. HP: 36/36 MP: 5/5
  1703 | D:3      | Got a heavily runed silver ring
  1710 | D:3      | Found a transporter.
  1715 | D:3      | Identified the cursed ring "Ithrag" {rElec rF- rN+ Stlth--}
                  | (You found it on level 3 of the Dungeon)
  1724 | D:3      | Noticed a bullfrog
  1725 | D:3      | Noticed a bullfrog
  1759 | D:3      | Found a transporter.
  1774 | D:3      | Found a basalt altar of Yredelemnul.
  1789 | D:3      | Noticed Jessica
  1796 | D:3      | Killed Jessica
  1797 | D:3      | Gained mutation: You regenerate a little health from kills.
                  | [demonic ancestry]
  1797 | D:3      | Reached XP level 5. HP: 39/42 MP: 6/6
  1921 | D:3      | Reached skill level 4 in Maces & Flails
  2137 | D:3      | Killed from afar by an orc wizard

Skill      XL: |  1  2  3  4  5 |
---------------+----------------+-----
Maces & Flails | 2 3 4 |  4.1
Armour         | 3 |  3.8
Fighting       | |  3.7
Dodging        | |  0.4
Shields        | |  2.6

Action                   |  1- 3 |  4- 6 || total
-------------------------+-------+-------++-------
Melee: Flail             |   163 |     1 ||   164
       Headbutt          |    19 |     6 ||    25
       Mace              |       |    84 ||    84
  Use: Scroll            |     4 |     2 ||     6
  Eat: Chunk             |     7 |     5 ||    12
Armor: Scale mail        |    79 |       ||    79
       Plate armour      |    29 |    73 ||   102
Dodge: Dodged            |    68 |    25 ||    93
